 Dungeon Crawl Stone Soup version 0.28-a0-793-g31680bbd8b (webtiles) character file.

Game seed: 17499183052074320310

104 bande the Covered (level 4, -1/29 HPs)
             Began as a Gargoyle Fighter on Nov 4, 2021.
             Killed from afar by Sigmund (4 damage)
             ... with a magic dart
             ... on level 3 of the Dungeon.
             The game lasted 00:03:42 (2024 turns).

bande the Covered (Gargoyle Fighter)                Turns: 2024, Time: 00:03:42

Health: -1/29      AC: 10    Str: 20    XL:     4   Next: 80%
Magic:  0/4        EV:  9    Int:  9    God:
Gold:   114        SH:  4    Dex:  9    Spells: 3/3 levels left

rFire   . . .      SeeInvis .   a - +0 war axe
rCold   . . .      Faith    .   c - +0 buckler
rNeg    + . .      Spirit   +   b - +0 scale mail
rPois   ∞          Reflect  .   (no helmet)
rElec   +          Harm     .   (no cloak)
rCorr   .          Rampage  .   (no gloves)
Will    .....                   (no boots)
Stlth   ..........              e - amulet of guardian spirit
HPRegen 0.09/turn               (no ring)
MPRegen 0.09/turn               (no ring)

@: no status effects
A: sickness immunity, AC +3, negative energy resistance 1, electricity
resistance, torment resistance 1, petrification resistance
a: no special abilities


You were on level 3 of the Dungeon.
You visited 1 branch of the dungeon, and saw 3 of its levels.

You collected 114 gold pieces.

Inventory:

Hand Weapons
 a - a +0 war axe (weapon)
Missiles
 f - a throwing net (quivered)
Armour
 b - a +0 scale mail (worn)
 c - a +0 buckler (worn)
Jewellery
 e - an amulet of guardian spirit (around neck)
 j - an amulet of magic regeneration
Scrolls
 h - a scroll of teleportation
Potions
 d - a potion of might
 g - a potion of heal wounds
 i - a potion of mutation {unknown}


   Skills:
 + Level 4.0 Fighting
 + Level 3.0 Axes
 + Level 4.1 Armour
 + Level 3.7 Shields


You had 3 spell levels left.
You didn't know any spells.
Your spell library was empty.

Dungeon Overview and Level Annotations

Branches:
Dungeon (3/15)

Altars:

Shops:
D:2 *

Annotations:
D:3 Sigmund


Innate Abilities, Weirdness & Mutations

You are immune to sickness and miasma.
Your stone body is resilient. (AC +3)
You are immune to poison.
You resist negative energy. (rN+)
You are resistant to electric shocks. (rElec)
You are resistant to unholy torment.
You are immune to petrification.


Message History

You closely miss Natasha.
Natasha is heavily wounded.
A rat comes into view.
Natasha claws you but does no damage.
The crimson imp blinks!
Sigmund casts a spell.
Sigmund flickers and vanishes!
Deactivating autopickup; reactivate with Ctrl-A.
Natasha claws you but does no damage.
The rat moves out of view.
You slash Natasha!
You kill Natasha!
Natasha screams in fury as she dies!
A puff of flame appears from out of thin air!
The puff of flame misses you.
Your Fighting skill increases to level 4!
Your Axes skill increases to level 3!
Unknown command.
Something hits you but does no damage.
You miss something. The rat barely misses you.
You completely miss something. You hit the rat. Something hits you!
You block the rat's attack.
You closely miss something. You barely miss the rat.
You hear some strange, mumbled words.
A puff of flame appears from out of thin air!
The puff of flame hits you. The rat bites you but does no damage.
Something hits you. The rat bites you but does no damage.
You slash something! You slash the rat!
You kill the rat!
Something hits you.
You miss something.
Unknown command.
You completely miss something. Something hits you!
* * * LOW HITPOINT WARNING * * *
You closely miss something. Something hits you but does no damage.
You miss something. Something hits you.
* * * LOW HITPOINT WARNING * * *
You barely miss something.
You hear some strange, mumbled words.
A magic dart appears from out of thin air!
The magic dart hits you.
You die...

#.###.#...... ..
#.........### ..
#####.##### .. #.# #.
#.# # #. #.# ## ##.###.
##.## ##.
#......########...####..
......{@...........).'..
#...##†########...####..
# #. ##<## ##. .. #.# ##
### #.# # #.# #.# #.#
#.#


There were no monsters in sight!

Vanquished Creatures
  Natasha (twice) (D:3)
  2 dart slugs (D:1)
  An orc (D:2)
  5 endoplasms
  4 giant cockroaches (D:2)
  5 goblins
  3 hobgoblins
  2 kobolds
  2 quokkas (D:2)
  4 ball pythons
  5 bats
  4 frilled lizards
  10 rats
49 creatures vanquished.

Notes
Turn   | Place    | Note
-------+----------+-------------------------------------------
     0 | D:1      | bande the Gargoyle Fighter began the quest for the Orb.
     0 | D:1      | Reached XP level 1. HP: 14/14 MP: 1/1
   143 | D:1      | Reached XP level 2. HP: 15/19 MP: 2/2
   532 | D:1      | Found a faded altar of an unknown god.
   903 | D:2      | Found Feocs's General Store.
   911 | D:2      | Reached XP level 3. HP: 20/24 MP: 3/3
  1913 | D:3      | Noticed Natasha
  1922 | D:3      | Killed Natasha
  1923 | D:3      | Reached XP level 4. HP: 24/29 MP: 4/4
  2004 | D:3      | Noticed Natasha
  2010 | D:3      | Noticed Sigmund
  2012 | D:3      | Killed Natasha
  2024 | D:3      | Killed from afar by Sigmund

Illustrated notes

Levels and vault maps discovered:
D:1:      erik_arrival_triangle_large, layout_rooms, basic_ecumenical_altar,
          minmay_misc_feat_columns, minmay_misc_feat_x, minmay_cupped
D:2:      layout_rooms, serial_shops, shop
D:3:      layout_loops_corners, minmay_liquid_box, uniq_sigmund, uniq_natasha

Skill      XL: |  1  2  3  4 |
---------------+-------------+-----
Axes           | 2 3 |  3.0
Armour         | 4 |  4.1
Fighting       | 4 |  4.0
Shields        | |  3.7

Action                   |  1- 3 |  4- 6 || total
-------------------------+-------+-------++-------
Melee: War axe           |   143 |    14 ||   157
  Use: Scroll            |     5 |       ||     5
Armor: Scale mail        |   103 |     8 ||   111
Dodge: Dodged            |    75 |     3 ||    78
Block: Buckler           |    23 |     1 ||    24

Table legend: (Time is in decaauts)
 A = Elapsed time spent in this place.
 B = Non-inter-level travel time spent in this place.
 C = Inter-level travel time spent in this place.
 D = Time resting spent in this place.
 E = Time spent auto-exploring this place.
 F = Levels seen in this place.
 G = Mean time per level.
                   A        B        C        D        E       F      G
               +--------+--------+--------+--------+--------+-----+--------+
         Total |   2094 |   2062 |     32 |    431 |   1227 |   3 |  698.0 |
       Dungeon |   2094 |   2062 |     32 |    431 |   1227 |   3 |  698.0 |
               +--------+--------+--------+--------+--------+-----+--------+

Top non-repeatable levels by time:
     D:2: 977 daAuts
     D:1: 919 daAuts
     D:3: 197 daAuts
